 Dungeon Crawl Stone Soup version 0.31-a0-986-g5e6e4ef867 (webtiles) character file.

Game seed: 8003379053461602071

95 ytrimaz the Sneak (level 4, -19/23 HPs)
             Began as a Vine Stalker Brigand on Nov 6, 2023.
             Killed by an exploding endoplasm (42 damage)
             ... ignited by their inner flame
             ... on level 3 of the Dungeon.
             The game lasted 00:01:49 (1642 turns).

ytrimaz the Sneak (Vine Stalker Brigand)            Turns: 1642, Time: 00:01:50

Health: -19/23     AC:  3    Str: 14    XL:     4   Next: 65%
Magic:  0/5        EV: 11    Int: 11    God:
Gold:   86         SH:  0    Dex: 17    Spells: 3/3 levels left

rFire   . . .        k - +1 short sword (elec)
rCold   . . .        (no shield)
rNeg    . . .        b - +0 robe
rPois   .            (no helmet)
rElec   .            c - +0 cloak
rCorr   .            (no gloves)
SInv    .            (no boots)
Will    .....        (no amulet)
Stlth   +++          (no ring)
HPRegen 1.03/turn    (no ring)
MPRegen 0.09/turn

%: guardian spirit
@: no status effects
A: fangs 2, regeneration 1, magic shield, antimagic bite, no potion heal 2
a: no special abilities


You were on level 3 of the Dungeon.
You visited 1 branch of the dungeon, and saw 3 of its levels.

You collected 86 gold pieces.


Innate Abilities, Weirdness & Mutations

You have extremely sharp teeth.
Your natural rate of healing is unusually fast.
When hurt, damage is shared between your health and your magic reserves.
Your bite disrupts and absorbs the magic of your enemies.
Potions cannot restore your health.


   Skills:
 - Level 1.7 Fighting
 + Level 3.2 Short Blades
 - Level 1.7 Throwing
 - Level 0.7 Dodging
 + Level 6.3 Stealth


You had 3 spell levels left.
You didn't know any spells.
Your spell library contained the following spells:

 Spells                   Type           Power      Damage    Failure   Level
 Dazzling Flash           Conj/Hex       0%         N/A       71%         3
 Volatile Blastmotes      Fire/Tloc      0%         2d10      71%         3
 Starburst                Conj/Fire      0%         6d3       100%        6
 Maxwell's Capacitive Co  Air            0%         โˆž       100%        8

Inventory:

Hand Weapons
 a - a +2 dagger
 k - a +1 short sword of electrocution (weapon)
   (You took it off a kobold on level 1 of the Dungeon)
Missiles
 d - 9 poisoned darts (quivered)
 e - 3 curare-tipped darts
Armour
 b - a +0 robe (worn)
 c - a +0 cloak (worn)
Scrolls
 f - a scroll of teleportation
 j - a scroll of fog {unknown}
 l - a scroll of identify {unknown}
Potions
 i - a potion of lignification {unknown}
 m - a potion of mutation {unknown}
 n - a potion of heal wounds {unknown}

Dungeon Overview and Level Annotations

Branches:
Dungeon (3/15) Zot: 16374

Altars:

### .. .. . .#
#.#####
#.#####ยงยง.....
#.....@โ—‹......
#############. #
### #.#<#
####.#.#######
.......^......
####.#.#######
#.#........


There were no monsters in sight!


Message History

You impale the adder!!
You kill the adder!
There is a stone staircase leading up here.
Key pressed, stopping explore.
A hobgoblin comes into view.
The hobgoblin shouts!
A rat comes into view.
There are monsters nearby!
There are monsters nearby!
There are monsters nearby!
You hit the hobgoblin.
Lightning courses through the hobgoblin!!
You kill the hobgoblin!
The rat bites you. ๐Ÿ˜• HP[-3]
You take 3 damage, and now have 20/23 hp.
You hit the rat. Your bite misses the rat. The rat bites you. ๐Ÿ˜• MP[-1]
You lost 1 mp, and now have 4/5 mp.
You hit the rat.
You kill the rat! ๐Ÿ˜• HP[+1]
You see here a rat corpse.
Unknown command. ๐Ÿ˜• HP[+1] ๐Ÿ˜Ž HP[+1]
Your hp is fully restored (23).
No target in view!
An endoplasm comes into view. ๐Ÿ˜Ž MP[+1]
Your mp is fully restored (5).
An endoplasm is nearby!
An endoplasm is nearby!
An endoplasm is nearby!
The helpless endoplasm fails to defend itself.
You impale the endoplasm!!
You kill the endoplasm!
No target in view!
No target in view!
A hobgoblin comes into view.
The hobgoblin shouts!
A hobgoblin is nearby!
A hobgoblin is nearby!
A hobgoblin is nearby!
You hit the hobgoblin but do no damage.
Lightning courses through the hobgoblin!
You kill the hobgoblin!
No target in view!
Key pressed, stopping explore.
You see here a rat corpse.
A giant cockroach comes into view.
A giant cockroach is nearby!
A giant cockroach is nearby!
A giant cockroach is nearby!
You hit the giant cockroach. The giant cockroach closely misses you.
A giant cockroach is nearby!
A giant cockroach is nearby!
You hit the giant cockroach.
You kill the giant cockroach!
You see here a giant cockroach corpse.
No target in view!
No target in view!
Found a stone staircase leading down.
Done exploring.
Done exploring.
Done exploring.
There is a stone staircase leading down here.
You climb downwards.
There is a stone staircase leading up here.
As you read the scroll labelled BUROGU WIAMP, it crumbles to dust.
You feel strangely unstable.
It was a scroll of teleportation.
Unknown command.
Your surroundings suddenly seem different.
An endoplasm comes into view.
Unknown command.
As you read the scroll labelled MITA LALENE, it crumbles to dust.
It is a scroll of amnesia.
You feel forgetful for a moment. The endoplasm barely misses you.
Unknown command.
As you read the scroll labelled VAOFE XOUX, it crumbles to dust.
The creatures around you are filled with an inner flame!
It was a scroll of immolation.
The endoplasm freezes you.
You are frozen. ๐Ÿ˜• HP[-2] MP[-1]
You take 2 damage, and now have 21/23 hp.
You lost 1 mp, and now have 4/5 mp.
You barely miss the endoplasm.
Flame seeps out of the endoplasm.
You bite the endoplasm. You drain its power.
You feel invigorated. ๐Ÿ˜• HP[+1] MP[+1]
Your mp is fully restored (5).
Unknown command.
You completely miss the endoplasm.
Flame seeps out of the endoplasm.
You bite the endoplasm. You drain its power.
The endoplasm is engulfed in blazing flames.
The endoplasm explodes!
The fiery explosion engulfs you!!!
Ouch! That really hurt!
You die...

Skill      XL: |  1  2  3  4 |
---------------+-------------+-----
Short Blades   | 2 3 |  3.2
Stealth        | 5 6 |  6.3
Fighting       | |  1.7
Throwing       | |  1.7
Dodging        | |  0.7

Action                     |  1- 3 |  4- 6 || total
---------------------------+-------+-------++-------
  Melee: Dagger            |    49 |       ||    49
         Bite              |    22 |     3 ||    25
         Short sword       |    37 |    33 ||    70
    Use: Scroll            |       |     3 ||     3
   Stab: Sleeping          |     8 |     5 ||    13
         Distracted        |       |     1 ||     1
 Armour: Robe              |    56 |    13 ||    69
  Dodge: Dodged            |    59 |    10 ||    69

Levels and vault maps discovered:
D:1:      matt_arrival_spirals, layout_basic
D:2:      layout_loops_ring
D:3:      layout_basic, nicolae_elyvilon_peaceful_grove, lemuel_tele_altar

Notes
Turn   | Place    | Note
-------+----------+-------------------------------------------
     0 | D:1      | ytrimaz the Vine Stalker Brigand began the quest for the
                  | Orb.
     0 | D:1      | Reached XP level 1. HP: 11/11 MP: 2/2
     0 | D:1      | magus.rc [v1.9.6]
   123 | D:1      | Reached skill level 2 in Short Blades
   123 | D:1      | Reached skill level 5 in Stealth
   129 | D:1      | Reached XP level 2. HP: 7/15 MP: 0/3
   435 | D:1      | You pick up a book of Spectacle and begin reading...
   435 | D:1      | You add the spells Volatile Blastmotes, Dazzling Flash,
                  | Starburst and Maxwell's Capacitive Coupling to your
                  | library.
   443 | D:1      | Reached XP level 3. HP: 16/18 MP: 2/4
  1179 | D:2      | Reached XP level 4. HP: 22/23 MP: 5/5
  1215 | D:2      | Reached skill level 3 in Short Blades
  1215 | D:2      | Reached skill level 6 in Stealth
  1642 | D:3      | Killed by an exploding endoplasm... ignited by their inner
                  | flame

Vanquished Creatures
  4 adders (D:2)
  2 dart slugs
  4 bats
  4 endoplasms
  2 giant cockroaches
  2 goblins (D:1)
  4 hobgoblins (D:2)
  14 jackals
  A kobold (D:1)
  2 quokkas
  4 ball pythons (D:1)
  3 frilled lizards (D:2)
  4 rats
50 creatures vanquished.

Table legend:
 A = Non-vault XP
 B = Vault XP
 C = Vault XP percentage of total XP
 D = Non-vault monster count
 E = Vault monster count
 F = Vault count percentage of total count
                 A         B        C        D         E       F
            +---------+---------+-------+---------+---------+-------
      Total |     138 |       0 |   0.0 |      50 |       0 |   0.0
            +---------+---------+-------+---------+---------+-------
        D:1 |      40 |       0 |   0.0 |      22 |       0 |   0.0
        D:2 |      96 |       0 |   0.0 |      27 |       0 |   0.0
        D:3 |       2 |       0 |   0.0 |       1 |       0 |   0.0
            +---------+---------+-------+---------+---------+-------

Skill      XL: |  1  2  3  4 |
---------------+-------------+-----
Short Blades   | 2 3 |  3.2
Stealth        | 5 6 |  6.3
Fighting       | |  1.7
Throwing       | |  1.7
Dodging        | |  0.7

Action                     |  1- 3 |  4- 6 || total
---------------------------+-------+-------++-------
  Melee: Dagger            |    49 |       ||    49
         Bite              |    22 |     3 ||    25
         Short sword       |    37 |    33 ||    70
    Use: Scroll            |       |     3 ||     3
   Stab: Sleeping          |     8 |     5 ||    13
         Distracted        |       |     1 ||     1
 Armour: Robe              |    56 |    13 ||    69
  Dodge: Dodged            |    59 |    10 ||    69

Illustrated notes

Table legend:
 A = Kills in this place as a percentage of kills in the entire game.
 B = Kills by you in this place as a percentage of kills by you in the entire game.
 C = Kills by friends in this place as a percentage of kills by friends in the entire game.
 D = Other kills in this place as a percentage of other kills in the entire game.
 E = Experience gained in this place as a percentage of experience gained in the entire game.
 F = Experience gained in this place divided by the number of levels of this place that you have seen.
                   A       B       C       D       E      F
               +-------+-------+-------+-------+-------+----------------------
         Total | 100.0 | 100.0 |   N/A |   N/A | 100.0 |  46.0
       Dungeon | 100.0 | 100.0 |   N/A |   N/A | 100.0 |  46.0
               +-------+-------+-------+-------+-------+----------------------

Table legend: (Time is in decaauts)
 A = Elapsed time spent in this place.
 B = Non-inter-level travel time spent in this place.
 C = Inter-level travel time spent in this place.
 D = Time resting spent in this place.
 E = Time spent auto-exploring this place.
 F = Levels seen in this place.
 G = Mean time per level.
                   A        B        C        D        E       F      G
               +--------+--------+--------+--------+--------+-----+--------+
         Total |   1625 |   1599 |     26 |      0 |   1285 |   3 |  541.7 |
       Dungeon |   1625 |   1599 |     26 |      0 |   1285 |   3 |  541.7 |
               +--------+--------+--------+--------+--------+-----+--------+

Top non-repeatable levels by time:
     D:1: 972 daAuts
     D:2: 645 daAuts
     D:3: 7 daAuts
